 Dungeon Crawl Stone Soup version 0.30-a0-223-gcb0039aa0c (webtiles) character file.

Game seed: 3524689925443066829

198269 qw the Peltast (level 18, -25/120 HPs)
             Began as a Gargoyle Fighter on Oct 9, 2022.
             Was a High Priest of Okawaru.
             Blown up by an orb spider (44 damage)
             ... with an orb of destruction
             ... on level 4 of the Spider Nest.
             The game lasted 00:18:08 (33986 turns).

qw the Peltast (Gargoyle Fighter)                  Turns: 33986, Time: 00:18:09

Health: -25/120    AC: 51    Str: 31    XL:     18   Next: 88%
Magic:  25/25      EV: 12    Int:  6    God:    Okawaru [*****.]
Gold:   499        SH: 24    Dex: 10    Spells: 17/17 levels left

rFire   . . .      SeeInvis +    Y - +8 war axe (flame)
rCold   + . .      Faith    .    D - +0 tower shield
rNeg    + + .      Spirit   .    C - +3 plate armour {rC+}
rPois   inf        Reflect  +    n - +1 helmet
rElec   +          Harm     .    h - +2 ratskin cloak {*Rats rPois rN+ Str-1 Int-1 Dex+1}
rCorr   +          Rampage  .    f - +2 pair of gloves
Will    +....                    x - +2 pair of boots "Niskae" {Str+4 SInv}
Stlth   ..........               b - amulet of reflection
HPRegen 0.40/turn                p - +4 ring of protection
MPRegen 0.19/turn                t - ring of the Freezing Gods {rCorr EV+4}

@: flying
A: sickness immunity, AC +13, big wings, negative energy resistance 1,
electricity resistance, torment resistance 1, petrification resistance, dopey 1
a: Renounce Religion, Heroism, Finesse, Duel


You were on level 4 of the Spider Nest.
You worshipped Okawaru.
Okawaru was extremely pleased with you.
You visited 6 branches of the dungeon, and saw 30 of its levels.
You visited the Abyss 2 times.
You also visited: Gauntlet.

You collected 3003 gold pieces.
You spent 2504 gold pieces at shops.


Innate Abilities, Weirdness & Mutations

You are immune to sickness and miasma.
Your stone body is resilient. (AC +13)
You are immune to poison.
Your large and strong wings let you fly.
You resist negative energy. (rN+)
You are resistant to electric shocks. (rElec)
You are resistant to unholy torment.
You are immune to petrification.
You are dopey. (Int -2)


   Skills:
 - Level 16.0 Fighting
 - Level 16.0 Axes
 - Level 8.0 Throwing
 + Level 15.4 Armour
 - Level 4.0 Dodging
 - Level 19.0 Shields
 - Level 10.0 Invocations


You had 17 spell levels left.
You didn't know any spells.
Your spell library was empty.

Inventory:

Hand Weapons
 Y - a +8 war axe of flaming (weapon)
Missiles
 y - 38 boomerangs (quivered)
Armour
 c - +0 acid dragon scales
 f - a +2 pair of gloves (worn)
 h - the +2 ratskin cloak (worn) {*Rats rPois rN+ Str-1 Int-1 Dex+1}
   (You found it on level 9 of the Dungeon)

   When the wearer is hurt, rats may emerge from it to assist them.
   Str:       It affects your strength (-1).
   Int:       It affects your intelligence (-1).
   Dex:       It affects your dexterity (+1).
   rPois:     It protects you from poison.
   rN:        It protects you from negative energy.
 j - a +4 plate armour
 n - a +1 helmet (worn)
 v - a scarf of repulsion
 x - the +2 pair of boots "Niskae" (worn) {Str+4 SInv}
   (You found it in a Gauntlet)

   Str:       It affects your strength (+4).
   SInv:      It lets you see invisible.
 A - the +2 tower shield of the Lich-sworn {Contam Harm Slay+5}
   (Okawaru gifted it to you on level 15 of the Dungeon)

   Slay:      It affects your accuracy & damage with ranged weapons and melee
   (+5).
   Contam:    It causes magical contamination when unequipped.
   Harm:      It increases damage dealt and taken.
 C - a +3 plate armour of cold resistance (worn)
 D - a +0 tower shield (worn)
 E - a +0 plate armour of fire resistance
Jewellery
 b - an amulet of reflection (around neck)
 m - the ring "Neoxkaig" {Will+ rCorr Dex-5 Slay+3}
   (You acquired it on level 3 of the Shoals)

   [ring of willpower]

   Dex:       It affects your dexterity (-5).
   Slay:      It affects your accuracy & damage with ranged weapons and melee
   (+3).
   rCorr:     It protects you from acid and corrosion.
   Will:      It increases your willpower.
 p - a +4 ring of protection (left hand)
 t - the ring of the Freezing Gods (right hand) {rCorr EV+4}
   (You found it on level 9 of the Dungeon)

   [ring of evasion]

   EV:        It affects your evasion (+4).
   rCorr:     It protects you from acid and corrosion.
 w - the amulet "Zykkats" {Spirit Str+3 Int+4 SInv}
   (You took it off a minotaur in a Gauntlet)

   [amulet of guardian spirit]

   It causes incoming damage to be divided between your reserves of health and
   magic.
   Str:       It affects your strength (+3).
   Int:       It affects your intelligence (+4).
   SInv:      It lets you see invisible.
Scrolls
 k - 15 scrolls of identify
 s - 6 scrolls of teleportation
Potions
 a - 7 potions of attraction
 d - 11 potions of might
 e - 10 potions of lignification
 g - 8 potions of haste
 i - 18 potions of curing
 l - 4 potions of resistance
 o - 4 potions of magic
 r - 6 potions of mutation
 z - 5 potions of cancellation
 F - 2 potions of heal wounds

Dungeon Overview and Level Annotations

Branches:
Dungeon (15/15)            Temple (1/1) D:5            Lair (5/5) D:10
 Shoals (3/4) Lair:3       Spider (4/4) Lair:3        Slime (0/5) Lair:4
    Orc (2/2) D:11            Elf (0/3) Orc:2        Vaults (0/5) D:14
 Depths (0/4) D:15        Gauntlet (visited)

Altars:
Ashenzari
Cheibriados
Dithmenos
Elyvilon
Fedhas
Gozag
Hepliaklqana
Kikubaaqudgha
Makhleb
Nemelex Xobeh
Okawaru
Qazlal
Ru
Sif Muna
Trog
Uskayaw
Vehumet
Wu Jian
Xom
Yredelemnul
Zin
The Shining One
Jiyva

Shops:
D:9 *   D:10 (   D:12 !:!   D:13 :(   Orc:1 ?**(*   Orc:2 ??*![

Annotations:
D:10 3 transporters
D:12 3 runed translucent doors, Naggiasi's ghost, journeyman KoBr
Shoals:3 1 runed translucent door, Lianjan's ghost, adept MiGl
Spider:3 1 runed translucent door, qw's ghost, adept GrFi


Message History

Found a flail.
The orb of destruction hits you!!
The orb spider weaves a glowing orb of energy.
The orb of destruction reflects off an invisible shield around you!
The wavering orb of destruction hits the orb spider!!!
You blow up the orb spider!
Okawaru accepts your kill.
There are monsters nearby!
The orb of destruction hits you!!
There are monsters nearby!
There are monsters nearby!
There are monsters nearby!
There are monsters nearby!
There are monsters nearby!
The orb of destruction hits you!
An orb of destruction is nearby!
An orb of destruction is nearby!
An orb of destruction is nearby!
An orb of destruction is nearby!
An orb of destruction is nearby!
The orb of destruction reflects off an invisible shield around you!
An orb of destruction is nearby!
You feel like a meek peon again.
An orb of destruction is nearby!
An orb of destruction is nearby!
An orb of destruction is nearby!
An orb of destruction is nearby!
An orb of destruction is nearby!
Your hands slow down.
An orb of destruction is nearby!
An orb of destruction is nearby!
An orb of destruction is nearby!
An orb of destruction is nearby!
An orb of destruction is nearby!
An orb of destruction is nearby!
An orb of destruction is nearby!
An orb of destruction is nearby!
An orb of destruction is nearby!
The orb of destruction hits you!!!
You die...

..^...0.................s
...:..%..................
^......0....)......$.....
.........0.......%.......
..........0.....0...(...#
......^...0..<.%........
..........0..%%%........
..........0..%.%........
...^.^..@0.....%..0.^...
.................0.$...
.............^....^....
.....^.......^.........
.......................
.?....................
#..^............#####
####.)....^..##


There were no monsters in sight!

Vanquished Creatures
  Saint Roka (Orc:2)
  Jorgrun (D:14)
  Mlioglotl (Shoals:3)
  5 krakens (Shoals:2)
  Donald (Spider:1)
  Ilsuiw (Shoals:2)
  3 emperor scorpions
  Louise (D:15)
  A draconian shifter (Abyss:2)
  An orc warlord (Orc:1)
  An ironbound preserver (D:14)
  2 broodmothers (Spider:1)
  2 spark wasps (Spider:4)
  A red draconian (Abyss:2)
  A minotaur (Gauntlet)
  3 dire elephants (Lair:5)
  6 merfolk impalers
  Josephine (Shoals:1)
  A fire dragon (D:14)
  3 entropy weavers (Spider:1)
  5 hydras
  A rakshasa (Abyss:2)
  4 radroaches
  A jorogumo (Spider:3)
  5 boulder beetles
  3 centaur warriors
  5 merfolk aquamancers
  2 merfolk avatars
  An anaconda (Lair:1)
  An alligator (Lair:1)
  A vampire mage (D:15)
  A death yak (Lair:1)
  6 two-headed ogres
  7 orc high priests
  A wretched star (Abyss:2)
  Sonja (Lair:5)
  3 sun demons (Shoals:1)
  2 spectral death yaks (Lair:5)
  6 skeletal warriors (D:15)
  A spectral anaconda (Lair:5)
  8 steelbarb worms
  A spatial maelstrom (Abyss:2)
  4 pharaoh ants
  2 glowing orange brains
  A sun moth (Spider:3)
  7 sea snakes
  A swamp dragon (D:9)
  8 orb spiders
  A golden dragon zombie (D:15)
  A shadow demon (Abyss:2)
  7 harpies
  An obsidian statue (Lair:5)
  13 orc knights
  4 wizards
  A lindwurm (Lair:5)
  A tengu zombie (D:15)
  4 deep elf pyromancers
  4 necromancers
  14 ugly things
  A stone giant zombie (D:15)
  19 wolf spiders
  3 orc sorcerers
  3 fauns (Shoals:1)
  10 manticores
  7 merfolk sirens
  2 moths of wrath
  12 cyclopes
  A rust devil (Orc:2)
  18 elephants
  An ice statue (D:9)
  3 water nymphs
  3 black mambas
  4 torpor snails
  A cane toad (shapeshifter) (D:14)
  A smoke demon (Abyss:2)
  13 cane toads
  2 minotaur zombies (Gauntlet)
  An unseen horror (shapeshifter) (D:5)
  2 unseen horrors
  10 demonic crawlers
  7 rime drakes
  A komodo dragon (shapeshifter) (D:14)
  A tengu conjurer (D:13)
  A spriggan skeleton (D:15)
  6 komodo dragons
  A freezing wraith (Abyss:2)
  An efreet (Abyss:2)
  A kobold demonologist (D:10)
  10 trolls
  15 merfolk
  3 hornets
  A tyrant leech (Gauntlet)
  5 polar bears
  7 meliai
  3 wind drakes
  A queen bee (D:15)
  2 spectral elephants (Lair:5)
  32 tarantellas
  14 dream sheep
  8 raiju (Abyss:2)
  13 slime creatures
  6 snapping turtles
  27 jumping spiders
  10 blink frogs
  3 small abominations (D:13)
  15 culicivoras
  A shadow (D:12)
  2 ynoxinuls (Abyss:2)
  A spriggan (D:10)
  5 water elementals
  8 wraiths
  2 vampires (D:12)
  2 wyverns
  59 yaks
  Grum (D:8)
  3 basilisks
  A vampire mosquito (D:11)
  A chaos spawn (Abyss:2)
  2 steam dragons
  2 death yak simulacra (Lair:5)
  50 redbacks
  2 spectral cane toads (Lair:5)
  Menkaure (D:6)
  3 swamp worms (Gauntlet)
  3 hell hounds
  A warg (Orc:1)
  17 water moccasins
  3 acid dragons
  A floating eye (D:13)
  6 large abominations
  3 elephant zombies (Lair:5)
  4 ice beasts
  A black bear (shapeshifter) (D:14)
  2 sky beasts (D:7)
  9 black bears
  53 orc warriors
  5 ogres
  10 wolves
  A centaur (D:11)
  3 elephant skeletons (Lair:5)
  2 phantoms
  8 kobold brigands
  10 bullfrogs
  A necrophage (D:4)
  2 gnoll sergeants
  2 scorpions
  3 cane toad simulacra (Lair:5)
  10 wights
  18 killer bees
  2 elephant simulacra (Lair:5)
  4 howler monkeys
  2 electric eels
  A crimson imp (Abyss:2)
  A hound (D:7)
  A jelly (D:7)
  A quasit (Abyss:2)
  30 orc priests
  An iron imp (Abyss:2)
  6 gnoll boudas
  24 orc wizards
  2 hell rats (Lair:1)
  10 adders
  26 gnolls
  5 shadow imps
  4 white imps
  An ufetubus (D:5)
  3 worms (D:2)
  A dart slug (D:2)
  76 orcs
  2 bats (D:1)
  2 endoplasms
  A giant cockroach (D:2)
  12 goblins
  5 hobgoblins
  7 jackals
  2 quokkas
  5 ball pythons
  8 frilled lizards
  35 kobolds
  4 rats
  A starspawn tentacle (Abyss:2)
  18 tentacles (Shoals:2)
1115 creatures vanquished.

Vanquished Creatures (others)
  A merfolk aquamancer (Shoals:3)
  2 orc warriors
  A human (D:10)
  36 fungi
  84 plants
  4 starspawn tentacles (Abyss:2)
  74 tentacles (Shoals:2)
  27 withered plants
229 creatures vanquished.

Grand Total: 1344 creatures vanquished

Notes
Turn   | Place    | Note
-------+----------+-------------------------------------------
     0 | D:1      | qw the Gargoyle Fighter began the quest for the Orb.
     0 | D:1      | Reached XP level 1. HP: 14/14 MP: 1/1
     0 | D:1      | 0 ||| qw: Version: 0.2-a-17-g06abaee
     0 | D:1      | 0 ||| qw: Game counter: 2126
     0 | D:1      | 0 ||| qw: Always use a shield: true
     0 | D:1      | 0 ||| qw: God list: Okawaru
     0 | D:1      | 0 ||| qw: Allow faded altars: false
     0 | D:1      | 0 ||| qw: Do Orc after D:15 true
     0 | D:1      | 0 ||| qw: Do second Lair branch before Depths: true
     0 | D:1      | 0 ||| qw: Lair rune preference: random
     0 | D:1      | 0 ||| qw: Plans: Normal, Zot:1-4, God:TSO, Crypt, Tomb,
                  | Pan, Slime:5, Hells, Abyss, Orb
     0 | D:1      | 0 ||| PLANNING D:1-11
    80 | D:1      | Found a faded altar of an unknown god.
   165 | D:1      | 165 ||| DROPPING +0 club.
   218 | D:1      | Reached XP level 2. HP: 19/19 MP: 2/2
   745 | D:1      | 745 ||| Stepping ~*~*~tactically~*~*~ (stealth).
   808 | D:1      | 808 ||| READING scroll labelled ETYSU IGEOSY.
   809 | D:1      | 809 ||| READING scroll labelled CUDDOUGEFUU.
   810 | D:1      | 810 ||| READING scroll labelled EXZIOCOTHRE.
   811 | D:1      | 811 ||| READING scroll labelled DUSHAR IXOU.
   839 | D:2      | Reached skill level 3 in Axes
   871 | D:2      | Reached XP level 3. HP: 23/23 MP: 3/3
   918 | D:2      | 918 ||| Stepping ~*~*~tactically~*~*~ (stealth).
  1101 | D:2      | Reached XP level 4. HP: 28/28 MP: 4/4
  1224 | D:2      | 1224 ||| Stepping ~*~*~tactically~*~*~ (stealth).
  1225 | D:2      | 1225 ||| Stepping ~*~*~tactically~*~*~ (stealth).
  1442 | D:2      | 1442 ||| READING scroll labelled XAVULA NOR DON.
  1443 | D:2      | 1443 ||| READING scroll labelled ODDUIMP SEICAR.
  1446 | D:2      | 1446 ||| DRINKING 2 red potions.
  1552 | D:3      | 1552 ||| READING scroll of enchant weapon.
  1552 | D:3      | 1552 ||| ENCHANTING +1 war axe of chaos.
  1589 | D:3      | Reached XP level 5. HP: 32/32 MP: 5/5
  1621 | D:3      | 1621 ||| DROPPING +0 mace.
  1638 | D:3      | Found a sparkling altar of Nemelex Xobeh.
  1705 | D:3      | Identified the +0 leather armour "Siynimn" {rPois rF+ Str+8
                  | Dex+4 Stlth-}
  1999 | D:3      | Found a burning altar of Makhleb.
  2321 | D:3      | 2321 ||| UPGRADING to +0 leather armour "Siynimn" {rPois
                  | rF+ Str+8 Dex+4 Stlth-}.
  2331 | D:3      | 2331 ||| DROPPING +0 scale mail.
  2332 | D:3      | 2332 ||| READING scroll labelled KUUFER ULAUGG.
  2333 | D:3      | 2333 ||| DRINKING 2 fizzy orange potions.
  2437 | D:3      | 2437 ||| READING 2 scrolls of identify.
  2437 | D:3      | 2437 ||| IDENTIFYING glowing amethyst potion
  2438 | D:3      | 2438 ||| DROPPING potion of berserk rage.
  2587 | D:4      | Noticed a black bear
  2599 | D:4      | Killed a black bear
  2600 | D:4      | Reached XP level 6. HP: 20/37 MP: 6/6
  2744 | D:4      | Found an opulent altar of Gozag.
  2748 | D:4      | Found a snail-covered altar of Cheibriados.
  2811 | D:4      | Found a hazy altar of Hepliaklqana.
  2897 | D:4      | Noticed a black bear
  2903 | D:4      | Killed a black bear
  3052 | D:4      | 3052 ||| Stepping ~*~*~tactically~*~*~ (stealth).
  3053 | D:4      | 3053 ||| Stepping ~*~*~tactically~*~*~ (stealth).
  3354 | D:4      | 3354 ||| UPGRADING to +0 helmet.
  3359 | D:4      | 3359 ||| READING scroll labelled ZUKA DUUPY.
  3360 | D:4      | 3360 ||| DRINKING 3 lumpy red potions.
  3361 | D:4      | 3361 ||| READING 3 scrolls of identify.
  3361 | D:4      | 3361 ||| IDENTIFYING emerald potion
  3362 | D:4      | 3362 ||| READING 2 scrolls of identify.
  3362 | D:4      | 3362 ||| IDENTIFYING glowing dark potion
  3363 | D:4      | 3363 ||| DROPPING potion of brilliance.
  3364 | D:4      | 3364 ||| DROPPING 2 potions of degeneration.
  3372 | D:5      | Entered Level 5 of the Dungeon
  3490 | D:5      | Reached XP level 7. HP: 30/44 MP: 7/7
  3502 | D:5      | Reached skill level 6 in Axes
  3794 | D:5      | Found a broken altar of Ashenzari.
  3794 | D:5      | Found a bloodstained altar of Trog.
  3981 | D:5      | Found a staircase to the Ecumenical Temple.
  3982 | D:5      | 3982 ||| PLANNING TEMPLE
  3982 | D:5      | 3982 ||| UPGRADING to +0 pair of gloves.
  3987 | D:5      | 3987 ||| UPGRADING to amulet of guardian spirit.
  3996 | D:5      | 3996 ||| UPGRADING to +4 ring of protection.
  3997 | D:5      | 3997 ||| READING scroll labelled QENASTUENE.
  4006 | Temple   | Entered the Ecumenical Temple
  4048 | Temple   | 4048 ||| PLANNING OKAWARU WORSHIP
  4131 | Temple   | Became a worshipper of Warmaster Okawaru
  4132 | Temple   | 4132 ||| PLANNING D:1-11
  4132 | Temple   | 4132 ||| REMOVING amulet of guardian spirit.
  4137 | Temple   | 4137 ||| DROPPING amulet of guardian spirit.
  4220 | D:5      | a water moccasin changed into a shapeshifter
  4220 | D:5      | Noticed a shapeshifter (shapeshifter)
  4220 | D:5      | a shapeshifter changed into something unseen
  4230 | D:5      | Killed an unseen horror
  4230 | D:5      | Reached * piety under Okawaru
  4231 | D:5      | Reached XP level 8. HP: 48/48 MP: 8/8
  4275 | D:5      | 4275 ||| Stepping ~*~*~tactically~*~*~ (stealth).
  4278 | D:5      | 4278 ||| INVOKING Heroism.
  4280 | D:5      | 4280 ||| Stepping ~*~*~tactically~*~*~ (hiding).
  4286 | D:5      | Reached skill level 1 in Invocations
  4289 | D:5      | 4289 ||| INVOKING Heroism.
  4329 | D:5      | 4329 ||| READING scroll of enchant weapon.
  4329 | D:5      | 4329 ||| ENCHANTING +2 war axe of chaos.
  4532 | D:5      | 4532 ||| DROPPING +2 hat.
  4533 | D:5      | 4533 ||| UPGRADING to +0 chain mail.
  4543 | D:5      | 4543 ||| READING scroll labelled TIKKIU KUADGHOB.
  4544 | D:5      | 4544 ||| READING 2 scrolls of identify.
  4544 | D:5      | 4544 ||| IDENTIFYING puce potion
  4545 | D:5      | 4545 ||| DROPPING potion of flight.
  4705 | D:6      | Found a shimmering blue altar of Sif Muna.
  4711 | D:6      | 4711 ||| Stepping ~*~*~tactically~*~*~ (stealth).
  4839 | D:6      | Reached skill level 3 in Invocations
  4937 | D:6      | Noticed Menkaure
  4938 | D:6      | 4938 ||| Stepping ~*~*~tactically~*~*~ (hiding).
  4941 | D:6      | 4941 ||| INVOKING Heroism.
  4944 | D:6      | Killed Menkaure
  4944 | D:6      | Reached ** piety under Okawaru
  5097 | D:6      | Found a hide-covered altar of Uskayaw.
  5324 | D:6      | 5324 ||| READING scroll labelled COTWAE QOPSUEFA.
  5425 | D:6      | 5425 ||| READING scroll labelled HATHRO CAUS.
  5459 | D:6      | 5459 ||| DRINKING 2 bubbling silvery potions.
  5460 | D:6      | 5460 ||| DRINKING 4 grey potions.
  5461 | D:6      | 5461 ||| DROPPING 3 potions of invisibility.
  5630 | D:7      | 5630 ||| INVOKING Heroism.
  5962 | D:7      | Reached XP level 9. HP: 50/54 MP: 12/12
  5991 | D:7      | 5991 ||| INVOKING Heroism.
  6012 | D:7      | Reached skill level 6 in Fighting
  6026 | D:7      | Found a flagged portal.
  6206 | D:7      | 6206 ||| INVOKING Heroism.
  6256 | D:7      | 6256 ||| FLEEEEING.
  6257 | D:7      | 6257 ||| FLEEEEING.
  6299 | D:7      | 6299 ||| Stepping ~*~*~tactically~*~*~ (hiding).
  6303 | D:7      | 6303 ||| INVOKING Heroism.
  6306 | D:7      | 6306 ||| Stepping ~*~*~tactically~*~*~ (stealth).
  6317 | D:7      | Reached skill level 9 in Axes
  6337 | D:7      | Noticed a hornet
  6341 | D:7      | Killed a hornet
  6341 | D:7      | Reached *** piety under Okawaru
  6342 | D:7      | Reached skill level 4 in Shields
  6369 | D:7      | 6369 ||| Stepping ~*~*~tactically~*~*~ (stealth).
  6379 | D:7      | 6379 ||| Stepping ~*~*~tactically~*~*~ (stealth).
  6383 | D:7      | 6383 ||| Stepping ~*~*~tactically~*~*~ (stealth).
  6386 | D:7      | 6386 ||| Stepping ~*~*~tactically~*~*~ (stealth).
  6388 | D:7      | 6388 ||| Stepping ~*~*~tactically~*~*~ (stealth).
  6389 | D:7      | 6389 ||| Stepping ~*~*~tactically~*~*~ (stealth).
  6453 | D:7      | 6453 ||| Stepping ~*~*~tactically~*~*~ (stealth).
  6583 | D:7      | 6583 ||| UPGRADING to amulet of reflection.
  6588 | D:7      | 6588 ||| DRINKING 2 brown potions.
  6589 | D:7      | 6589 ||| READING 2 scrolls of identify.
  6589 | D:7      | 6589 ||| IDENTIFYING viscous amethyst potion
  6622 | D:8      | 6622 ||| STAIRDANCE
  6627 | D:8      | 6627 ||| STAIRDANCE
  6639 | D:8      | 6639 ||| STAIRDANCE
  6644 | D:7      | Reached **** piety under Okawaru
  6646 | D:7      | 6646 ||| INVOKING Heroism.
  6650 | D:7      | Reached XP level 10. HP: 31/63 MP: 10/13
  6759 | D:8      | 6759 ||| STAIRDANCE
  6762 | D:7      | 6762 ||| INVOKING Heroism.
  6825 | D:8      | 6825 ||| STAIRDANCE
  6829 | D:7      | 6829 ||| INVOKING Heroism.
  7012 | D:8      | 7012 ||| INVOKING Heroism.
  7012 | D:8      | Noticed Grum
  7037 | D:8      | Killed Grum
  7038 | D:8      | Reached skill level 6 in Invocations
  7110 | D:8      | 7110 ||| READING scroll of enchant weapon.
  7110 | D:8      | 7110 ||| ENCHANTING +3 war axe of chaos.
  7153 | D:8      | 7153 ||| DRINKING 3 potions of curing.
  7153 | D:8      | 7153 ||| (to cure confusion)
  7154 | D:8      | 7154 ||| INVOKING Heroism.
  7156 | D:8      | 7156 ||| DRINKING 2 potions of curing.
  7156 | D:8      | 7156 ||| (to cure confusion)
  7185 | D:8      | 7185 ||| Stepping ~*~*~tactically~*~*~ (hiding).
  7189 | D:8      | 7189 ||| INVOKING Heroism.
  7200 | D:8      | Reached skill level 5 in Shields
  7353 | D:8      | 7353 ||| Stepping ~*~*~tactically~*~*~ (stealth).
  7354 | D:8      | 7354 ||| INVOKING Heroism.
  7480 | D:8      | Found a stormy altar of Qazlal.
  7669 | D:8      | Found a shadowy altar of Dithmenos.
  7712 | D:8      | 7712 ||| INVOKING Heroism.
  7875 | D:8      | Found a glowing golden altar of the Shining One.
  7876 | D:8      | 7876 ||| DROPPING +0 leather armour "Siynimn" {rPois rF+
                  | Str+8 Dex+4 Stlth-}.
  7877 | D:8      | 7877 ||| UPGRADING to +0 plate armour.
  7887 | D:8      | 7887 ||| DROPPING +0 chain mail.
  7888 | D:8      | 7888 ||| READING 2 scrolls labelled XURCHU HERE.
  7889 | D:8      | 7889 ||| DROPPING scroll of poison.
  7920 | D:9      | 7920 ||| INVOKING Heroism.
  7936 | D:9      | Found the +2 ratskin cloak {*Rats rPois rN+ Str-1 Int-1
                  | Dex+1}
  8026 | D:9      | Reached skill level 6 in Armour
  8052 | D:9      | Found Luhet's Gadget Gallery.
  8106 | D:9      | 8106 ||| INVOKING Heroism.
  8107 | D:9      | 8107 ||| Stepping ~*~*~tactically~*~*~ (stealth).
  8211 | D:9      | 8211 ||| INVOKING Heroism.
  8355 | D:9      | 8355 ||| Stepping ~*~*~tactically~*~*~ (hiding).
  8358 | D:9      | 8358 ||| INVOKING Heroism.
  8381 | D:9      | 8381 ||| DROPPING +0 flail.
  8682 | D:9      | 8682 ||| UPGRADING to +2 ratskin cloak {*Rats rPois rN+
                  | Str-1 Int-1 Dex+1}.
  8687 | D:9      | 8687 ||| UPGRADING to +0 kite shield.
  8697 | D:9      | 8697 ||| DROPPING +0 buckler.
  8698 | D:9      | 8698 ||| DROPPING ring of wizardry.
  8699 | D:9      | 8699 ||| READING 2 scrolls of identify.
  8699 | D:9      | 8699 ||| IDENTIFYING black potion
  8719 | D:10     | Entered Level 10 of the Dungeon
  8723 | D:10     | 8723 ||| STAIRDANCE
  8751 | D:10     | 8751 ||| STAIRDANCE
  8756 | D:9      | 8756 ||| INVOKING Heroism.
  8764 | D:9      | Reached XP level 11. HP: 66/68 MP: 15/17
  8783 | D:10     | 8783 ||| FLEEEEING.
  8784 | D:10     | 8784 ||| FLEEEEING.
  8787 | D:10     | Reached ***** piety under Okawaru
  8790 | D:10     | 8790 ||| Stepping ~*~*~tactically~*~*~ (stealth).
  8797 | D:10     | 8797 ||| INVOKING Heroism.
  8815 | D:10     | 8815 ||| Stepping ~*~*~tactically~*~*~ (stealth).
  8841 | D:10     | Reached skill level 6 in Shields
  8842 | D:10     | Noticed a two-headed ogre
  8851 | D:10     | Killed a two-headed ogre
  8851 | D:10     | Received a gift from Okawaru
  8862 | D:10     | 8862 ||| Stepping ~*~*~tactically~*~*~ (stealth).
  8862 | D:10     | Found a staircase to the Lair.
  8863 | D:10     | 8863 ||| Stepping ~*~*~tactically~*~*~ (stealth).
  8864 | D:10     | 8864 ||| FLEEEEING.
  8865 | D:10     | 8865 ||| INVOKING Heroism.
  8871 | D:10     | Reached skill level 9 in Invocations
  8926 | D:10     | Reached skill level 7 in Shields
  9063 | D:10     | Found an ancient bone altar of Kikubaaqudgha.
  9084 | D:10     | 9084 ||| Stepping ~*~*~tactically~*~*~ (stealth).
  9091 | D:10     | 9091 ||| FLEEEEING.
  9092 | D:10     | 9092 ||| FLEEEEING.
  9093 | D:10     | 9093 ||| FLEEEEING.
  9107 | D:10     | 9107 ||| FLEEEEING.
  9108 | D:10     | 9108 ||| FLEEEEING.
  9109 | D:10     | 9109 ||| FLEEEEING.
  9110 | D:10     | 9110 ||| STAIRDANCE
  9141 | D:9      | 9141 ||| UPGRADING to +2 pair of boots of flying.
  9241 | D:9      | 9241 ||| INVOKING Heroism.
  9242 | D:9      | 9242 ||| INVOKING Finesse.
  9278 | D:9      | 9278 ||| Stepping ~*~*~tactically~*~*~ (cloud).
  9300 | D:9      | 9300 ||| Stepping ~*~*~tactically~*~*~ (cloud).
  9301 | D:9      | 9301 ||| Stepping ~*~*~tactically~*~*~ (cloud).
  9305 | D:9      | 9305 ||| INVOKING Heroism.
  9409 | D:9      | 9409 ||| Invisible monster not found???
  9456 | D:9      | Identified the ring of the Freezing Gods {rCorr EV+4}
  9458 | D:9      | 9458 ||| UPGRADING to ring of the Freezing Gods {rCorr
                  | EV+4}.
  9462 | D:9      | 9462 ||| INVOKING Heroism.
  9463 | D:9      | 9463 ||| INVOKING Finesse.
  9560 | D:10     | a slime creature changed into a swamp dragon
  9560 | D:10     | Noticed a swamp dragon
  9563 | D:10     | 9563 ||| STAIRDANCE
  9574 | D:9      | Killed a swamp dragon
  9671 | D:10     | Found Vunidwin's Weapon Boutique.
  9716 | D:10     | Found a transporter.
  9757 | D:10     | Found a transporter.
  9813 | D:10     | 9813 ||| Stepping ~*~*~tactically~*~*~ (stealth).
  9815 | D:10     | 9815 ||| Stepping ~*~*~tactically~*~*~ (stealth).
  9817 | D:10     | 9817 ||| Stepping ~*~*~tactically~*~*~ (hiding).
  9822 | D:10     | 9822 ||| INVOKING Heroism.
  9826 | D:10     | Reached skill level 8 in Shields
  9892 | D:10     | Found a white marble altar of Elyvilon.
  9895 | D:10     | 9895 ||| INVOKING Heroism.
  9988 | D:10     | Found a transporter.
 10083 | D:10     | 10083 ||| PLANNING LAIR
 10083 | D:10     | 10083 ||| READING scroll labelled IHUTAJ ATHRYZ.
 10103 | Lair:1   | Entered Level 1 of the Lair of Beasts
 10140 | Lair:1   | 10140 ||| INVOKING Heroism.
 10162 | Lair:1   | Reached skill level 9 in Shields
 10329 | Lair:1   | 10329 ||| INVOKING Heroism.
 10381 | Lair:1   | 10381 ||| INVOKING Heroism.
 10391 | Lair:1   | 10391 ||| Stepping ~*~*~tactically~*~*~ (stealth).
 10392 | Lair:1   | 10392 ||| Stepping ~*~*~tactically~*~*~ (stealth).
 10417 | Lair:1   | 10417 ||| INVOKING Heroism.
 10424 | Lair:1   | Reached XP level 12. HP: 72/73 MP: 17/19
 10654 | Lair:1   | Noticed an anaconda
 10655 | Lair:1   | 10655 ||| Stepping ~*~*~tactically~*~*~ (hiding).
 10655 | Lair:1   | Noticed an alligator
 10656 | Lair:1   | 10656 ||| INVOKING Heroism.
 10671 | Lair:1   | Killed an alligator
 10677 | Lair:1   | Reached skill level 10 in Shields
 10677 | Lair:1   | Killed an anaconda
 10699 | Lair:1   | 10699 ||| Stepping ~*~*~tactically~*~*~ (stealth).
 10704 | Lair:1   | Noticed a death yak
 10705 | Lair:1   | 10705 ||| INVOKING Finesse.
 10715 | Lair:1   | Killed a death yak
 10715 | Lair:1   | Received a gift from Okawaru
 10716 | Lair:1   | Reached skill level 9 in Fighting
 10791 | Lair:1   | 10791 ||| Stepping ~*~*~tactically~*~*~ (hiding).
 10799 | Lair:1   | 10799 ||| INVOKING Heroism.
 10818 | Lair:1   | Reached skill level 9 in Armour
 10844 | Lair:1   | 10844 ||| READING scroll of enchant weapon.
 10844 | Lair:1   | 10844 ||| ENCHANTING +4 war axe of chaos.
 10936 | Lair:1   | 10936 ||| Stepping ~*~*~tactically~*~*~ (stealth).
 10941 | Lair:1   | 10941 ||| Stepping ~*~*~tactically~*~*~ (stealth).
 10942 | Lair:1   | 10942 ||| INVOKING Heroism.
 10955 | Lair:1   | 10955 ||| Stepping ~*~*~tactically~*~*~ (stealth).
 10968 | Lair:1   | Reached skill level 12 in Axes
 11240 | Lair:1   | 11240 ||| READING 6 scrolls of identify.
 11240 | Lair:1   | 11240 ||| IDENTIFYING viscous blue potion
 11278 | Lair:2   | 11278 ||| INVOKING Heroism.
 11313 | Lair:2   | 11313 ||| Stepping ~*~*~tactically~*~*~ (stealth).
 11347 | Lair:2   | 11347 ||| INVOKING Heroism.
 11350 | Lair:2   | 11350 ||| Stepping ~*~*~tactically~*~*~ (stealth).
 11355 | Lair:2   | 11355 ||| Stepping ~*~*~tactically~*~*~ (stealth).
 11356 | Lair:2   | 11356 ||| Stepping ~*~*~tactically~*~*~ (stealth).
 11357 | Lair:2   | 11357 ||| Stepping ~*~*~tactically~*~*~ (stealth).
 11358 | Lair:2   | 11358 ||| Stepping ~*~*~tactically~*~*~ (stealth).
 11363 | Lair:2   | 11363 ||| Stepping ~*~*~tactically~*~*~ (stealth).
 11364 | Lair:2   | 11364 ||| Stepping ~*~*~tactically~*~*~ (stealth).
 11366 | Lair:2   | Reached XP level 13. HP: 80/80 MP: 20/20
 11370 | Lair:2   | 11370 ||| Stepping ~*~*~tactically~*~*~ (stealth).
 11551 | Lair:2   | 11551 ||| READING scroll of brand weapon.
 11551 | Lair:2   | 11551 ||| BRANDING +5 war axe of chaos.
 11564 | Lair:2   | 11564 ||| Stepping ~*~*~tactically~*~*~ (stealth).
 11566 | Lair:2   | 11566 ||| Stepping ~*~*~tactically~*~*~ (stealth).
 11567 | Lair:2   | 11567 ||| INVOKING Heroism.
 11568 | Lair:2   | Received a gift from Okawaru
 11569 | Lair:2   | 11569 ||| Stepping ~*~*~tactically~*~*~ (stealth).
 11586 | Lair:2   | 11586 ||| READING scroll of enchant armour.
 11586 | Lair:2   | 11586 ||| ENCHANTING +0 pair of gloves.
 11618 | Lair:2   | 11618 ||| INVOKING Heroism.
 11619 | Lair:2   | 11619 ||| INVOKING Finesse.
 11621 | Lair:2   | 11621 ||| SWAPPING to +0 flail of protection.
 11638 | Lair:2   | 11638 ||| SWAPPING to +5 war axe of electrocution.
 11919 | Lair:2   | Reached skill level 1 in Throwing
 12103 | Lair:2   | 12103 ||| READING scroll labelled VOFFIPNOZXUPS.
 12104 | Lair:2   | 12104 ||| READING 6 scrolls of identify.
 12104 | Lair:2   | 12104 ||| IDENTIFYING sedimented green potion
 12105 | Lair:2   | 12105 ||| DROPPING potion of ambrosia.
 12134 | Lair:3   | 12134 ||| PLANNING GAUNTLET
 12134 | Lair:3   | 12134 ||| INVOKING Heroism.
 12144 | Lair:3   | 12144 ||| STAIRDANCE
 12165 | Lair:3   | 12165 ||| Stepping ~*~*~tactically~*~*~ (stealth).
 12167 | Lair:3   | 12167 ||| Stepping ~*~*~tactically~*~*~ (stealth).
 12169 | Lair:3   | 12169 ||| Stepping ~*~*~tactically~*~*~ (stealth).
 12173 | Lair:3   | Received a gift from Okawaru
 12181 | Lair:3   | Reached ****** piety under Okawaru
 12185 | Lair:3   | Reached skill level 3 in Throwing
 12295 | Lair:3   | 12295 ||| INVOKING Heroism.
 12326 | Lair:3   | Found a gate leading to a gauntlet.
 12327 | Lair:3   | 12327 ||| UPGRADING to +1 kite shield of protection.
 12337 | Lair:3   | 12337 ||| DROPPING +0 kite shield.
 12346 | Gauntlet | Entered a Gauntlet
 12346 | Gauntlet | Found a transporter.
 12346 | Gauntlet | Found a transporter.
 12347 | Gauntlet | Found a transporter.
 12347 | Gauntlet | Found a transporter.
 12350 | Gauntlet | Found a transporter.
 12364 | Gauntlet | Found a transporter.
 12376 | Gauntlet | Found a transporter.
 12383 | Gauntlet | Found a transporter.
 12400 | Gauntlet | Found a transporter.
 12408 | Gauntlet | Found a transporter.
 12428 | Gauntlet | Found a transporter.
 12483 | Gauntlet | Found a transporter.
 12550 | Gauntlet | 12550 ||| Stepping randomly (stuck).
 12551 | Gauntlet | 12551 ||| Stepping randomly (stuck).
 12552 | Gauntlet | 12552 ||| Stepping randomly (stuck).
 12555 | Gauntlet | 12555 ||| Stepping ~*~*~tactically~*~*~ (hiding).
 12557 | Gauntlet | 12557 ||| INVOKING Heroism.
 12589 | Gauntlet | 12589 ||| DROPPING +0 pair of gloves of stealth.
 12590 | Gauntlet | 12590 ||| READING scroll labelled NEEMIX QOUQ.
 12597 | Gauntlet | 12597 ||| INVOKING Heroism.
 12635 | Gauntlet | 12635 ||| Stepping ~*~*~tactically~*~*~ (stealth).
 12638 | Gauntlet | 12638 ||| Stepping ~*~*~tactically~*~*~ (stealth).
 12640 | Gauntlet | 12640 ||| Stepping ~*~*~tactically~*~*~ (stealth).
 12682 | Gauntlet | 12682 ||| DROPPING +6 ring of intelligence.
 12694 | Gauntlet | Identified the amulet "Zykkats" {Spirit Str+3 Int+4 SInv}
 12694 | Gauntlet | Noticed a minotaur
 12695 | Gauntlet | 12695 ||| Stepping ~*~*~tactically~*~*~ (stealth).
 12697 | Gauntlet | 12697 ||| INVOKING Heroism.
 12698 | Gauntlet | 12698 ||| INVOKING Finesse.
 12710 | Gauntlet | Killed a minotaur
 12747 | Gauntlet | Identified the +2 pair of boots "Niskae" {Str+4 SInv}
 12781 | Gauntlet | 12781 ||| UPGRADING to +2 pair of boots "Niskae" {Str+4
                  | SInv}.
 12796 | Lair:3   | 12796 ||| PLANNING LAIR
 12910 | Lair:3   | 12910 ||| INVOKING Heroism.
 12928 | Lair:3   | Reached skill level 11 in Shields
 13059 | Lair:3   | 13059 ||| INVOKING Heroism.
 13210 | Lair:3   | Found a hole to the Spider Nest.
 13211 | Lair:3   | 13211 ||| INVOKING Heroism.
 13233 | Lair:3   | Found a staircase to the Shoals.
 13296 | Lair:3   | 13296 ||| Stepping ~*~*~tactically~*~*~ (hiding).
 13305 | Lair:3   | 13305 ||| INVOKING Heroism.
 13624 | Lair:3   | 13624 ||| READING 6 scrolls of identify.
 13624 | Lair:3   | 13624 ||| IDENTIFYING fuming purple potion
 13695 | Lair:4   | 13695 ||| INVOKING Heroism.
 13782 | Lair:4   | 13782 ||| INVOKING Heroism.
 13822 | Lair:4   | 13822 ||| Stepping ~*~*~tactically~*~*~ (hiding).
 13845 | Lair:4   | Found a frozen archway.
 13897 | Lair:4   | 13897 ||| INVOKING Heroism.
 13908 | Lair:4   | Found a staircase to the Slime Pits.
 13909 | Lair:4   | Found a viscous altar of Jiyva.
 13945 | Lair:4   | Identified the +6 quarterstaff "Udop" {flame, Dex+3}
 13966 | Lair:4   | 13966 ||| INVOKING Heroism.
 13967 | Lair:4   | 13967 ||| INVOKING Finesse.
 13969 | Lair:4   | 13969 ||| SWAPPING to +0 flail of protection.
 13980 | Lair:4   | 13980 ||| SWAPPING to +5 war axe of electrocution.
 14160 | Lair:4   | 14160 ||| READING scroll of enchant armour.
 14160 | Lair:4   | 14160 ||| ENCHANTING +1 pair of gloves.
 14379 | Lair:5   | Entered Level 5 of the Lair of Beasts
 14406 | Lair:5   | 14406 ||| Stepping ~*~*~tactically~*~*~ (stealth).
 14408 | Lair:5   | 14408 ||| Stepping ~*~*~tactically~*~*~ (stealth).
 14410 | Lair:5   | 14410 ||| Stepping ~*~*~tactically~*~*~ (stealth).
 14413 | Lair:5   | 14413 ||| Stepping ~*~*~tactically~*~*~ (stealth).
 14415 | Lair:5   | 14415 ||| Stepping ~*~*~tactically~*~*~ (stealth).
 14417 | Lair:5   | 14417 ||| Stepping ~*~*~tactically~*~*~ (stealth).
 14419 | Lair:5   | 14419 ||| INVOKING Heroism.
 14436 | Lair:5   | 14436 ||| Stepping ~*~*~tactically~*~*~ (stealth).
 14443 | Lair:5   | Gained mutation: Your large and strong wings let you fly.
                  | [Gargoyle growth]
 14443 | Lair:5   | Reached XP level 14. HP: 74/88 MP: 21/21
 14469 | Lair:5   | 14469 ||| Stepping ~*~*~tactically~*~*~ (stealth).
 14542 | Lair:5   | Noticed Sonja
 14543 | Lair:5   | 14543 ||| Stepping ~*~*~tactically~*~*~ (stealth).
 14573 | Lair:5   | 14573 ||| INVOKING Heroism.
 14574 | Lair:5   | 14574 ||| Stepping ~*~*~tactically~*~*~ (stealth).
 14575 | Lair:5   | 14575 ||| Stepping ~*~*~tactically~*~*~ (stealth).
 14576 | Lair:5   | 14576 ||| SWAPPING to +0 flail of protection.
 14577 | Lair:5   | 14577 ||| INVOKING Finesse.
 14586 | Lair:5   | 14586 ||| Stepping ~*~*~tactically~*~*~ (hiding).
 14587 | Lair:5   | 14587 ||| SWAPPING to +5 war axe of electrocution.
 14590 | Lair:5   | 14590 ||| Stepping ~*~*~tactically~*~*~ (hiding).
 14599 | Lair:5   | Killed Sonja
 14651 | Lair:5   | 14651 ||| INVOKING Heroism.
 14694 | Lair:5   | Identified the +7 glaive of Disembowelment {flame, Int+2}
 14709 | Lair:5   | 14709 ||| FLEEEEING.
 14710 | Lair:5   | 14710 ||| FLEEEEING.
 14716 | Lair:5   | 14716 ||| INVOKING Heroism.
 14980 | Lair:5   | 14980 ||| Stepping ~*~*~tactically~*~*~ (stealth).
 14982 | Lair:5   | 14982 ||| Stepping ~*~*~tactically~*~*~ (stealth).
 14984 | Lair:5   | 14984 ||| Stepping ~*~*~tactically~*~*~ (stealth).
 14986 | Lair:5   | 14986 ||| Stepping ~*~*~tactically~*~*~ (stealth).
 14989 | Lair:5   | 14989 ||| Stepping ~*~*~tactically~*~*~ (stealth).
 14990 | Lair:5   | 14990 ||| Stepping ~*~*~tactically~*~*~ (stealth).
 14991 | Lair:5   | 14991 ||| Stepping ~*~*~tactically~*~*~ (stealth).
 14998 | Lair:5   | 14998 ||| Stepping ~*~*~tactically~*~*~ (stealth).
 15023 | Lair:5   | 15023 ||| Stepping ~*~*~tactically~*~*~ (stealth).
 15125 | Lair:5   | Received a gift from Okawaru
 15251 | Lair:5   | Noticed a dire elephant
 15251 | Lair:5   | Noticed a dire elephant
 15252 | Lair:5   | Noticed a dire elephant
 15253 | Lair:5   | 15253 ||| INVOKING Heroism.
 15262 | Lair:5   | 15262 ||| Stepping ~*~*~tactically~*~*~ (stealth).
 15263 | Lair:5   | 15263 ||| Stepping ~*~*~tactically~*~*~ (stealth).
 15269 | Lair:5   | Killed a dire elephant
 15313 | Lair:5   | 15313 ||| INVOKING Heroism.
 15335 | Lair:5   | 15335 ||| INVOKING Heroism.
 15375 | Lair:5   | 15375 ||| Stepping ~*~*~tactically~*~*~ (hiding).
 15386 | Lair:5   | Killed a dire elephant
 15394 | Lair:5   | 15394 ||| INVOKING Heroism.
 15397 | Lair:5   | Received a gift from Okawaru
 15409 | Lair:5   | Killed a dire elephant
 15410 | Lair:5   | Reached skill level 12 in Shields
 15496 | Lair:5   | 15496 ||| INVOKING Heroism.
 15497 | Lair:5   | 15497 ||| INVOKING Finesse.
 15552 | Lair:5   | 15552 ||| INVOKING Heroism.
 15769 | Lair:5   | 15769 ||| Stepping ~*~*~tactically~*~*~ (stealth).
 15770 | Lair:5   | 15770 ||| Stepping ~*~*~tactically~*~*~ (hiding).
 15865 | Lair:5   | 15865 ||| Stepping ~*~*~tactically~*~*~ (hiding).
 15867 | Lair:5   | 15867 ||| INVOKING Heroism.
 16099 | Lair:5   | 16099 ||| PLANNING D:1-11
 16099 | Lair:5   | 16099 ||| DROPPING +2 pair of boots of flying.
 16100 | Lair:5   | 16100 ||| DROPPING +1 pair of boots of stealth.
 16101 | Lair:5   | 16101 ||| DROPPING +2 pair of boots.
 16213 | D:11     | 16213 ||| INVOKING Heroism.
 16246 | D:11     | Found a staircase to the Orcish Mines.
 16316 | D:11     | Identified the amulet "Lutikk" {Faith *Slow rN+ Regen+
                  | Int+2}
 16412 | D:11     | 16412 ||| Stepping ~*~*~tactically~*~*~ (hiding).
 16413 | D:11     | 16413 ||| Stepping ~*~*~tactically~*~*~ (hiding).
 16414 | D:11     | 16414 ||| INVOKING Heroism.
 16432 | D:11     | Reached skill level 15 in Axes
 16702 | D:11     | 16702 ||| PLANNING D
 16702 | D:11     | 16702 ||| DROPPING +0 pair of boots of rampaging.
 16703 | D:11     | 16703 ||| DROPPING amulet "Lutikk" {Faith *Slow rN+ Regen+
                  | Int+2}.
 16704 | D:11     | 16704 ||| DROPPING ring of positive energy.
 16746 | D:12     | Found Gaunesu's Distillery.
 16754 | D:12     | 16754 ||| BUYING 2 potions of haste (220 gold).
 16754 | D:12     | Bought 2 potions of haste for 220 gold pieces
 16754 | D:12     | 16754 ||| BUYING potion of curing (33 gold).
 16754 | D:12     | Bought a potion of curing for 33 gold pieces
 16754 | D:12     | 16754 ||| BUYING potion of lignification (33 gold).
 16754 | D:12     | Bought a potion of lignification for 33 gold pieces
 16754 | D:12     | 16754 ||| BUYING potion of might (44 gold).
 16754 | D:12     | Bought a potion of might for 44 gold pieces
 16754 | D:12     | 16754 ||| BUYING potion of mutation (88 gold).
 16754 | D:12     | Bought a potion of mutation for 88 gold pieces
 16755 | D:12     | 16755 ||| FLEEEEING.
 16756 | D:12     | 16756 ||| FLEEEEING.
 16757 | D:12     | 16757 ||| FLEEEEING.
 16758 | D:12     | 16758 ||| FLEEEEING.
 16760 | D:12     | 16760 ||| FLEEEEING.
 16761 | D:12     | 16761 ||| FLEEEEING.
 16762 | D:12     | 16762 ||| FLEEEEING.
 16763 | D:12     | 16763 ||| FLEEEEING.
 16764 | D:12     | 16764 ||| FLEEEEING.
 16765 | D:12     | 16765 ||| FLEEEEING.
 16766 | D:12     | 16766 ||| FLEEEEING.
 16767 | D:12     | 16767 ||| FLEEEEING.
 16768 | D:12     | 16768 ||| FLEEEEING.
 16769 | D:12     | 16769 ||| FLEEEEING.
 16793 | D:12     | 16793 ||| INVOKING Heroism.
 16853 | D:12     | Reached skill level 3 in Dodging
 16878 | D:12     | Found Fionan's Book Emporium.
 16927 | D:12     | 16927 ||| Stepping ~*~*~tactically~*~*~ (hiding).
 17070 | D:12     | Found a runed translucent gate.
 17070 | D:12     | Found a runed translucent gate.
 17070 | D:12     | Found a runed translucent gate.
 17085 | D:12     | 17085 ||| INVOKING Heroism.
 17198 | D:12     | 17198 ||| FLEEEEING.
 17199 | D:12     | 17199 ||| FLEEEEING.
 17300 | D:12     | Found Netz's Distillery.
 17308 | D:12     | 17308 ||| BUYING potion of attraction (39 gold).
 17308 | D:12     | Bought a potion of attraction for 39 gold pieces
 17308 | D:12     | 17308 ||| BUYING potion of attraction (39 gold).
 17308 | D:12     | Bought a potion of attraction for 39 gold pieces
 17308 | D:12     | 17308 ||| BUYING potion of curing (39 gold).
 17308 | D:12     | Bought a potion of curing for 39 gold pieces
 17308 | D:12     | 17308 ||| BUYING potion of curing (39 gold).
 17308 | D:12     | Bought a potion of curing for 39 gold pieces
 17308 | D:12     | 17308 ||| BUYING potion of curing (39 gold).
 17308 | D:12     | Bought a potion of curing for 39 gold pieces
 17308 | D:12     | 17308 ||| BUYING potion of might (52 gold).
 17308 | D:12     | Bought a potion of might for 52 gold pieces
 17328 | D:12     | Reached XP level 15. HP: 95/95 MP: 22/22
 17358 | D:12     | 17358 ||| DRINKING 16 potions of curing.
 17358 | D:12     | 17358 ||| (to cure confusion)
 17369 | D:12     | Noticed Naggiasi's ghost (journeyman KoBr)
 17488 | D:12     | 17488 ||| Stepping ~*~*~tactically~*~*~ (stealth).
 17490 | D:12     | 17490 ||| Stepping ~*~*~tactically~*~*~ (hiding).
 17762 | D:13     | 17762 ||| Stepping ~*~*~tactically~*~*~ (stealth).
 17763 | D:13     | 17763 ||| Stepping ~*~*~tactically~*~*~ (stealth).
 17767 | D:13     | 17767 ||| Stepping ~*~*~tactically~*~*~ (stealth).
 17772 | D:13     | 17772 ||| INVOKING Heroism.
 17775 | D:13     | 17775 ||| READING 5 scrolls of teleportation.
 17778 | D:13     | Found Zuschese's Book Shoppe.
 17779 | D:13     | 17779 ||| READING 4 scrolls of teleportation.
 17889 | D:13     | Found Maurelli's Weapon Shoppe.
 17897 | D:13     | 17897 ||| Stepping ~*~*~tactically~*~*~ (stealth).
 17898 | D:13     | 17898 ||| Stepping ~*~*~tactically~*~*~ (stealth).
 18020 | D:13     | 18020 ||| INVOKING Heroism.
 18021 | D:13     | 18021 ||| SWAPPING to +0 flail of protection.
 18022 | D:13     | 18022 ||| INVOKING Finesse.
 18032 | D:13     | 18032 ||| SWAPPING to +5 war axe of electrocution.
 18107 | D:13     | 18107 ||| Stepping ~*~*~tactically~*~*~ (stealth).
 18110 | D:13     | 18110 ||| Stepping ~*~*~tactically~*~*~ (stealth).
 18113 | D:13     | 18113 ||| Stepping ~*~*~tactically~*~*~ (stealth).
 18116 | D:13     | 18116 ||| INVOKING Heroism.
 18118 | D:13     | 18118 ||| READING 4 scrolls of teleportation.
 18215 | D:13     | 18215 ||| INVOKING Heroism.
 18222 | D:13     | Reached skill level 12 in Fighting
 18399 | D:13     | Received a gift from Okawaru
 18523 | D:13     | 18523 ||| Stepping ~*~*~tactically~*~*~ (stealth).
 18525 | D:13     | 18525 ||| Stepping ~*~*~tactically~*~*~ (stealth).
 18575 | D:13     | 18575 ||| DROPPING +6 ring of strength.
 18576 | D:13     | 18576 ||| Stepping randomly (stuck).
 18578 | D:13     | 18578 ||| Stepping randomly (stuck).
 18579 | D:13     | 18579 ||| Stepping randomly (stuck).
 18580 | D:13     | 18580 ||| Stepping randomly (stuck).
 18581 | D:13     | 18581 ||| Stepping randomly (stuck).
 18622 | D:13     | 18622 ||| INVOKING Heroism.
 18740 | D:13     | 18740 ||| Stepping ~*~*~tactically~*~*~ (stealth).
 18743 | D:13     | 18743 ||| INVOKING Heroism.
 18791 | D:13     | 18791 ||| Stepping ~*~*~tactically~*~*~ (stealth).
 18868 | D:13     | 18868 ||| Stepping ~*~*~tactically~*~*~ (stealth).
 19147 | D:14     | Noticed Jorgrun
 19148 | D:14     | 19148 ||| Stepping ~*~*~tactically~*~*~ (hiding).
 19154 | D:14     | 19154 ||| INVOKING Heroism.
 19155 | D:14     | 19155 ||| INVOKING Finesse.
 19168 | D:14     | Killed Jorgrun
 19205 | D:14     | 19205 ||| Stepping ~*~*~tactically~*~*~ (hiding).
 19206 | D:14     | 19206 ||| INVOKING Heroism.
 19218 | D:14     | HP: 13/96 [fire dragon/blast of flame (38)]
 19219 | D:14     | 19219 ||| READING 4 scrolls of teleportation.
 19220 | D:14     | 19220 ||| DRINKING 7 potions of heal wounds.
 19255 | D:14     | 19255 ||| Stepping ~*~*~tactically~*~*~ (stealth).
 19256 | D:14     | 19256 ||| INVOKING Heroism.
 19418 | D:14     | Found an ancient bone altar of Kikubaaqudgha.
 19561 | D:14     | 19561 ||| Stepping ~*~*~tactically~*~*~ (stealth).
 19563 | D:14     | 19563 ||| Stepping ~*~*~tactically~*~*~ (stealth).
 19567 | D:14     | 19567 ||| Stepping ~*~*~tactically~*~*~ (stealth).
 19582 | D:14     | Found a gate to the Vaults.
 19590 | D:14     | 19590 ||| Stepping ~*~*~tactically~*~*~ (stealth).
 19598 | D:14     | Identified the +3 scale mail of Okawaru's Pride {rElec
                  | rPois rN+ MP+9} (Okawaru gifted it to you on level 14 of
                  | the Dungeon)
 19598 | D:14     | Received a gift from Okawaru
 19612 | D:14     | 19612 ||| Stepping ~*~*~tactically~*~*~ (stealth).
 19614 | D:14     | 19614 ||| Stepping ~*~*~tactically~*~*~ (hiding).
 19770 | D:14     | 19770 ||| STAIRDANCE
 19819 | D:14     | 19819 ||| Stepping ~*~*~tactically~*~*~ (hiding).
 19820 | D:14     | 19820 ||| Stepping ~*~*~tactically~*~*~ (hiding).
 20123 | D:14     | Reached skill level 12 in Armour
 20287 | D:14     | 20287 ||| INVOKING Heroism.
 20723 | D:15     | Entered Level 15 of the Dungeon
 20761 | D:15     | 20761 ||| Stepping ~*~*~tactically~*~*~ (hiding).
 20763 | D:15     | 20763 ||| Stepping ~*~*~tactically~*~*~ (hiding).
 20940 | D:15     | 20940 ||| Stepping ~*~*~tactically~*~*~ (hiding).
 21064 | D:15     | 21064 ||| INVOKING Heroism.
 21073 | D:15     | 21073 ||| Stepping ~*~*~tactically~*~*~ (stealth).
 21084 | D:15     | Found a staircase to the Depths.
 21085 | D:15     | 21085 ||| Stepping ~*~*~tactically~*~*~ (hiding).
 21097 | D:15     | Reached skill level 13 in Shields
 21151 | D:15     | 21151 ||| INVOKING Heroism.
 21299 | D:15     | 21299 ||| Stepping ~*~*~tactically~*~*~ (hiding).
 21300 | D:15     | 21300 ||| Stepping ~*~*~tactically~*~*~ (hiding).
 21348 | D:15     | 21348 ||| INVOKING Heroism.
 21550 | D:15     | 21550 ||| INVOKING Heroism.
 21551 | D:15     | 21551 ||| SWAPPING to +0 flail of protection.
 21552 | D:15     | 21552 ||| INVOKING Finesse.
 21562 | D:15     | Received a gift from Okawaru
 21563 | D:15     | 21563 ||| SWAPPING to +5 war axe of electrocution.
 21602 | D:15     | 21602 ||| INVOKING Heroism.
 21901 | D:15     | Noticed Louise
 21902 | D:15     | 21902 ||| Stepping ~*~*~tactically~*~*~ (hiding).
 21903 | D:15     | 21903 ||| Stepping ~*~*~tactically~*~*~ (hiding).
 21904 | D:15     | 21904 ||| Stepping ~*~*~tactically~*~*~ (hiding).
 21905 | D:15     | 21905 ||| Stepping ~*~*~tactically~*~*~ (hiding).
 21909 | D:15     | 21909 ||| INVOKING Heroism.
 21910 | D:15     | 21910 ||| INVOKING Finesse.
 21928 | Abyss:2  | Cast into level 2 of the Abyss (Louise)
 21957 | Abyss:2  | 21957 ||| DROPPING amulet of magic regeneration.
 22141 | Abyss:2  | 22141 ||| Stepping ~*~*~tactically~*~*~ (stealth).
 22142 | Abyss:2  | 22142 ||| INVOKING Heroism.
 22151 | Abyss:2  | Reached XP level 16. HP: 101/104 MP: 21/23
 22156 | Abyss:2  | 22156 ||| Stepping ~*~*~tactically~*~*~ (hiding).
 22158 | Abyss:2  | 22158 ||| Stepping ~*~*~tactically~*~*~ (hiding).
 22159 | Abyss:2  | 22159 ||| Stepping ~*~*~tactically~*~*~ (hiding).
 22162 | Abyss:2  | 22162 ||| Stepping ~*~*~tactically~*~*~ (hiding).
 22174 | D:15     | Escaped the Abyss
 22175 | D:15     | 22175 ||| INVOKING Finesse.
 22184 | D:15     | Killed Louise
 22184 | D:15     | Identified the +2 tower shield of the Lich-sworn {Contam
                  | Harm Slay+5} (Okawaru gifted it to you on level 15 of the
                  | Dungeon)
 22184 | D:15     | Received a gift from Okawaru
 22185 | D:15     | Reached skill level 6 in Throwing
 22226 | D:15     | 22226 ||| INVOKING Heroism.
 22350 | D:15     | 22350 ||| PLANNING ORC
 22350 | D:15     | 22350 ||| UPGRADING to +2 tower shield of the Lich-sworn
                  | {Contam Harm Slay+5}.
 22360 | D:15     | 22360 ||| DROPPING +1 kite shield of protection.
 22361 | D:15     | 22361 ||| UPGRADING to +3 plate armour of cold resistance.
 22371 | D:15     | 22371 ||| DROPPING +0 plate armour.
 22372 | D:15     | 22372 ||| UPGRADING to +0 tower shield.
 22380 | D:15     | Gained mutation: You are dopey. (Int -2) [mutagenic glow]
 22456 | Orc:1    | Entered Level 1 of the Orcish Mines
 22456 | Orc:1    | Found Qoqerika's Antique Weapon Emporium.
 22461 | Orc:1    | Found Coddol's Assorted Antiques.
 22472 | Orc:1    | 22472 ||| BUYING potion of lignification (66 gold).
 22472 | Orc:1    | Bought a potion of lignification for 66 gold pieces
 22472 | Orc:1    | 22472 ||| BUYING scroll of teleportation (66 gold).
 22472 | Orc:1    | Bought a scroll of teleportation for 66 gold pieces
 22472 | Orc:1    | 22472 ||| BUYING shiny chain mail (165 gold).
 22472 | Orc:1    | Bought a shiny chain mail for 165 gold pieces
 22490 | Orc:1    | 22490 ||| BUYING morningstar (80 gold).
 22490 | Orc:1    | Bought a morningstar for 80 gold pieces
 22490 | Orc:1    | 22490 ||| DROPPING +0 flail of protection.
 22503 | Orc:1    | 22503 ||| INVOKING Heroism.
 22504 | Orc:1    | 22504 ||| Stepping ~*~*~tactically~*~*~ (hiding).
 22505 | Orc:1    | 22505 ||| Stepping ~*~*~tactically~*~*~ (hiding).
 22512 | Orc:1    | 22512 ||| INVOKING Finesse.
 22570 | Orc:1    | 22570 ||| INVOKING Heroism.
 22611 | Orc:1    | 22611 ||| Stepping ~*~*~tactically~*~*~ (hiding).
 22615 | Orc:1    | 22615 ||| Stepping ~*~*~tactically~*~*~ (hiding).
 22702 | Orc:1    | 22702 ||| INVOKING Heroism.
 22766 | Orc:1    | 22766 ||| INVOKING Heroism.
 22906 | Orc:1    | 22906 ||| Stepping ~*~*~tactically~*~*~ (stealth).
 22945 | Orc:1    | Found Corooqes's Assorted Antiques.
 22947 | Orc:1    | 22947 ||| INVOKING Heroism.
 22951 | Orc:1    | 22951 ||| Stepping ~*~*~tactically~*~*~ (hiding).
 22976 | Orc:1    | 22976 ||| BUYING potion of cancellation (240 gold).
 22976 | Orc:1    | Bought a potion of cancellation for 240 gold pieces
 22976 | Orc:1    | 22976 ||| BUYING potion of cancellation (240 gold).
 22976 | Orc:1    | Bought a potion of cancellation for 240 gold pieces
 22976 | Orc:1    | 22976 ||| SHOPLISTING potion of resistance (300 gold, have
                  | 269).
 22976 | Orc:1    | 22976 ||| BUYING scroll of enchant armour (225 gold).
 22976 | Orc:1    | Bought a scroll of enchant armour for 225 gold pieces
 22976 | Orc:1    | 22976 ||| READING scroll of enchant armour.
 22976 | Orc:1    | 22976 ||| ENCHANTING +0 helmet.
 23065 | Orc:1    | 23065 ||| Stepping ~*~*~tactically~*~*~ (stealth).
 23068 | Orc:1    | 23068 ||| Stepping ~*~*~tactically~*~*~ (stealth).
 23069 | Orc:1    | 23069 ||| Stepping ~*~*~tactically~*~*~ (stealth).
 23071 | Orc:1    | 23071 ||| INVOKING Heroism.
 23077 | Orc:1    | 23077 ||| Stepping ~*~*~tactically~*~*~ (hiding).
 23078 | Orc:1    | 23078 ||| Stepping ~*~*~tactically~*~*~ (hiding).
 23080 | Orc:1    | 23080 ||| Stepping ~*~*~tactically~*~*~ (hiding).
 23224 | Orc:1    | Found Caesot's General Store.
 23230 | Orc:1    | 23230 ||| BUYING potion of curing (45 gold).
 23230 | Orc:1    | Bought a potion of curing for 45 gold pieces
 23230 | Orc:1    | 23230 ||| SHOPLISTING scroll of enchant armour (112 gold,
                  | have 16).
 23248 | Orc:1    | 23248 ||| DROPPING +1 chain mail of cold resistance.
 23261 | Orc:2    | Entered Level 2 of the Orcish Mines
 23261 | Orc:2    | Found a staircase to the Elven Halls.
 23262 | Orc:2    | 23262 ||| STAIRDANCE
 23267 | Orc:2    | 23267 ||| STAIRDANCE
 23275 | Orc:2    | 23275 ||| STAIRDANCE
 23282 | Orc:2    | 23282 ||| STAIRDANCE
 23288 | Orc:2    | 23288 ||| STAIRDANCE
 23295 | Orc:2    | 23295 ||| STAIRDANCE
 23332 | Orc:2    | 23332 ||| INVOKING Heroism.
 23333 | Orc:2    | 23333 ||| STAIRDANCE
 23357 | Orc:2    | Reached skill level 14 in Shields
 23451 | Orc:1    | Found Isulisum's Magic Scroll Shop.
 23460 | Orc:1    | 23460 ||| BUYING scroll of enchant weapon (97 gold).
 23460 | Orc:1    | Bought a scroll of enchant weapon for 97 gold pieces
 23460 | Orc:1    | 23460 ||| BUYING scroll of teleportation (39 gold).
 23460 | Orc:1    | Bought a scroll of teleportation for 39 gold pieces
 23460 | Orc:1    | 23460 ||| BUYING scroll of teleportation (39 gold).
 23460 | Orc:1    | Bought a scroll of teleportation for 39 gold pieces
 23460 | Orc:1    | 23460 ||| READING scroll of enchant weapon.
 23460 | Orc:1    | 23460 ||| ENCHANTING +5 war axe of electrocution.
 23526 | Orc:2    | 23526 ||| INVOKING Heroism.
 23587 | Orc:2    | 23587 ||| INVOKING Heroism.
 23588 | Orc:2    | Noticed Saint Roka
 23589 | Orc:2    | 23589 ||| INVOKING Finesse.
 23627 | Orc:2    | Killed Saint Roka
 23734 | Orc:2    | 23734 ||| INVOKING Heroism.
 23750 | Orc:2    | HP: 20/104 [orc warrior/+0 trident (9)]
 23751 | Orc:2    | 23751 ||| READING 7 scrolls of teleportation.
 23752 | Orc:2    | 23752 ||| DRINKING 6 potions of heal wounds.
 23754 | Orc:2    | 23754 ||| INVOKING Heroism.
 23766 | Orc:2    | 23766 ||| FLEEEEING.
 23767 | Orc:2    | 23767 ||| FLEEEEING.
 23784 | Orc:2    | 23784 ||| Stepping ~*~*~tactically~*~*~ (stealth).
 23801 | Orc:2    | 23801 ||| INVOKING Heroism.
 23837 | Orc:2    | 23837 ||| Stepping ~*~*~tactically~*~*~ (stealth).
 23841 | Orc:2    | 23841 ||| Stepping ~*~*~tactically~*~*~ (stealth).
 23867 | Orc:2    | 23867 ||| FLEEEEING.
 23919 | Orc:2    | 23919 ||| FLEEEEING.
 23920 | Orc:2    | 23920 ||| FLEEEEING.
 23968 | Orc:2    | 23968 ||| Stepping ~*~*~tactically~*~*~ (stealth).
 23969 | Orc:2    | 23969 ||| Stepping ~*~*~tactically~*~*~ (stealth).
 23970 | Orc:2    | 23970 ||| Stepping ~*~*~tactically~*~*~ (stealth).
 23981 | Orc:2    | 23981 ||| Stepping ~*~*~tactically~*~*~ (stealth).
 23988 | Orc:2    | 23988 ||| Stepping ~*~*~tactically~*~*~ (hiding).
 23990 | Orc:2    | 23990 ||| Stepping ~*~*~tactically~*~*~ (hiding).
 24027 | Orc:2    | 24027 ||| Stepping ~*~*~tactically~*~*~ (stealth).
 24028 | Orc:2    | 24028 ||| Stepping ~*~*~tactically~*~*~ (stealth).
 24030 | Orc:2    | 24030 ||| Stepping ~*~*~tactically~*~*~ (hiding).
 24033 | Orc:2    | 24033 ||| Stepping ~*~*~tactically~*~*~ (hiding).
 24034 | Orc:2    | 24034 ||| Stepping ~*~*~tactically~*~*~ (hiding).
 24095 | Orc:2    | Found Wireops's Armour Boutique.
 24296 | Orc:2    | 24296 ||| Stepping ~*~*~tactically~*~*~ (stealth).
 24298 | Orc:2    | 24298 ||| INVOKING Heroism.
 24423 | Orc:2    | 24423 ||| Stepping ~*~*~tactically~*~*~ (hiding).
 24582 | Orc:2    | 24582 ||| Stepping ~*~*~tactically~*~*~ (hiding).
 24583 | Orc:2    | 24583 ||| INVOKING Heroism.
 24588 | Orc:2    | 24588 ||| Stepping ~*~*~tactically~*~*~ (hiding).
 24592 | Orc:2    | 24592 ||| Stepping ~*~*~tactically~*~*~ (hiding).
 24618 | Orc:2    | Reached skill level 15 in Shields
 24620 | Orc:2    | HP: 13/104 [orc warrior/+2 vorpal long sword (19)]
 24621 | Orc:2    | 24621 ||| READING 6 scrolls of teleportation.
 24622 | Orc:2    | 24622 ||| DRINKING 5 potions of heal wounds.
 24622 | Orc:2    | HP: 2/104 [orc knight/+0 halberd (26)]
 24623 | Orc:2    | 24623 ||| DRINKING 4 potions of heal wounds.
 24624 | Orc:2    | 24624 ||| DRINKING 3 potions of heal wounds.
 24625 | Orc:2    | 24625 ||| FLEEEEING.
 24626 | Orc:2    | 24626 ||| FLEEEEING.
 24627 | Orc:2    | 24627 ||| FLEEEEING.
 24628 | Orc:2    | 24628 ||| FLEEEEING.
 24629 | Orc:2    | 24629 ||| FLEEEEING.
 24630 | Orc:2    | 24630 ||| FLEEEEING.
 24631 | Orc:2    | 24631 ||| FLEEEEING.
 24632 | Orc:2    | 24632 ||| FLEEEEING.
 24633 | Orc:2    | 24633 ||| FLEEEEING.
 24637 | Orc:2    | 24637 ||| FLEEEEING.
 24638 | Orc:2    | 24638 ||| FLEEEEING.
 24639 | Orc:2    | 24639 ||| FLEEEEING.
 24640 | Orc:2    | 24640 ||| FLEEEEING.
 24641 | Orc:2    | 24641 ||| FLEEEEING.
 24642 | Orc:2    | 24642 ||| FLEEEEING.
 24644 | Orc:2    | HP: 23/104 [something/ball of steam[an orc high priest]
                  | (10)]
 24645 | Orc:2    | 24645 ||| READING 5 scrolls of teleportation.
 24646 | Orc:2    | 24646 ||| DRINKING 2 potions of heal wounds.
 24647 | Orc:2    | 24647 ||| INVOKING Heroism.
 24658 | Orc:2    | 24658 ||| FLEEEEING.
 24659 | Orc:2    | 24659 ||| FLEEEEING.
 24660 | Orc:2    | 24660 ||| FLEEEEING.
 24663 | Orc:2    | 24663 ||| STAIRDANCE
 24964 | Orc:2    | 24964 ||| INVOKING Heroism.
 25004 | Orc:2    | 25004 ||| INVOKING Heroism.
 25030 | Orc:2    | 25030 ||| Stepping ~*~*~tactically~*~*~ (hiding).
 25043 | Orc:2    | 25043 ||| Stepping ~*~*~tactically~*~*~ (hiding).
 25047 | Orc:2    | 25047 ||| Stepping ~*~*~tactically~*~*~ (hiding).
 25081 | Orc:2    | 25081 ||| Stepping ~*~*~tactically~*~*~ (stealth).
 25088 | Orc:2    | 25088 ||| Stepping ~*~*~tactically~*~*~ (stealth).
 25090 | Orc:2    | 25090 ||| Stepping ~*~*~tactically~*~*~ (hiding).
 25095 | Orc:2    | 25095 ||| Stepping ~*~*~tactically~*~*~ (hiding).
 25098 | Orc:2    | 25098 ||| Stepping ~*~*~tactically~*~*~ (hiding).
 25214 | Abyss:2  | Cast into level 2 of the Abyss (orc warrior)
 25250 | Abyss:2  | 25250 ||| Stepping ~*~*~tactically~*~*~ (stealth).
 25264 | Abyss:2  | 25264 ||| INVOKING Heroism.
 25303 | Abyss:2  | HP: 25/104 [raiju/living lightning (4)]
 25304 | Abyss:2  | Noticed a tentacled starspawn
 25304 | Abyss:2  | 25304 ||| READING 4 scrolls of teleportation.
 25305 | Abyss:2  | 25305 ||| DRINKING potion of heal wounds.
 25308 | Abyss:2  | 25308 ||| INVOKING Heroism.
 25317 | Abyss:2  | Noticed a tentacled starspawn
 25325 | Abyss:2  | 25325 ||| Stepping ~*~*~tactically~*~*~ (stealth).
 25403 | Abyss:2  | 25403 ||| Stepping ~*~*~tactically~*~*~ (stealth).
 25430 | Abyss:2  | Received a gift from Okawaru
 25431 | Abyss:2  | Reached skill level 16 in Shields
 25478 | Abyss:2  | 25478 ||| Stepping ~*~*~tactically~*~*~ (stealth).
 25534 | Abyss:2  | 25534 ||| Stepping ~*~*~tactically~*~*~ (stealth).
 25535 | Abyss:2  | 25535 ||| Stepping ~*~*~tactically~*~*~ (stealth).
 25537 | Abyss:2  | 25537 ||| Stepping ~*~*~tactically~*~*~ (hiding).
 25540 | Abyss:2  | 25540 ||| INVOKING Heroism.
 25549 | Abyss:2  | 25549 ||| Stepping ~*~*~tactically~*~*~ (hiding).
 25578 | Orc:2    | Escaped the Abyss
 25681 | Orc:2    | 25681 ||| Stepping ~*~*~tactically~*~*~ (hiding).
 25684 | Orc:2    | 25684 ||| INVOKING Heroism.
 25716 | Orc:2    | 25716 ||| Stepping ~*~*~tactically~*~*~ (hiding).
 25717 | Orc:2    | 25717 ||| Stepping ~*~*~tactically~*~*~ (hiding).
 25719 | Orc:2    | 25719 ||| Stepping ~*~*~tactically~*~*~ (hiding).
 25839 | Orc:2    | Found Tonialu's Distillery.
 25841 | Orc:2    | Found Fybibeoss's General Store.
 25844 | Orc:2    | Found Urribul's Magic Scroll Boutique.
 25845 | Orc:2    | Found Goepeul's Magic Scroll Boutique.
 25850 | Orc:2    | 25850 ||| BUYING potion of haste (140 gold).
 25850 | Orc:2    | Bought a potion of haste for 140 gold pieces
 25850 | Orc:2    | 25850 ||| BUYING potion of heal wounds (70 gold).
 25850 | Orc:2    | Bought a potion of heal wounds for 70 gold pieces
 25850 | Orc:2    | 25850 ||| BUYING potion of lignification (42 gold).
 25850 | Orc:2    | Bought a potion of lignification for 42 gold pieces
 25850 | Orc:2    | 25850 ||| BUYING potion of might (56 gold).
 25850 | Orc:2    | Bought a potion of might for 56 gold pieces
 25850 | Orc:2    | 25850 ||| BUYING potion of might (56 gold).
 25850 | Orc:2    | Bought a potion of might for 56 gold pieces
 25850 | Orc:2    | 25850 ||| BUYING potion of resistance (140 gold).
 25850 | Orc:2    | Bought a potion of resistance for 140 gold pieces
 25853 | Orc:2    | 25853 ||| SHOPLISTING 3 scrolls of enchant weapon (247
                  | gold, have 81).
 25853 | Orc:2    | 25853 ||| SHOPLISTING scroll of enchant weapon (82 gold,
                  | have 81).
 25853 | Orc:2    | 25853 ||| BUYING scroll of teleportation (33 gold).
 25853 | Orc:2    | Bought a scroll of teleportation for 33 gold pieces
 25854 | Orc:2    | 25854 ||| SHOPLISTING scroll of enchant weapon (120 gold,
                  | have 48).
 25881 | Orc:2    | 25881 ||| PLANNING SPIDER:1-3
 26075 | Spider:1 | Entered Level 1 of the Spider Nest
 26123 | Spider:1 | 26123 ||| INVOKING Heroism.
 26124 | Spider:1 | 26124 ||| INVOKING Finesse.
 26125 | Spider:1 | 26125 ||| INVOKING Finesse.
 26140 | Spider:1 | Identified the +3 kite shield of Peshreem {rN+++ Int-4
                  | Dex+7}
 26140 | Spider:1 | Noticed Donald
 26150 | Spider:1 | Killed Donald
 26154 | Spider:1 | 26154 ||| Stepping ~*~*~tactically~*~*~ (stealth).
 26156 | Spider:1 | 26156 ||| Stepping ~*~*~tactically~*~*~ (stealth).
 26159 | Spider:1 | 26159 ||| Stepping ~*~*~tactically~*~*~ (stealth).
 26163 | Spider:1 | Reached skill level 17 in Shields
 26222 | Spider:1 | 26222 ||| INVOKING Heroism.
 26226 | Spider:1 | Reached XP level 17. HP: 106/108 MP: 21/24
 26397 | Spider:1 | 26397 ||| INVOKING Heroism.
 26584 | Spider:1 | 26584 ||| INVOKING Heroism.
 26622 | Spider:1 | 26622 ||| Stepping ~*~*~tactically~*~*~ (stealth).
 26651 | Spider:1 | 26651 ||| READING scroll of enchant weapon.
 26651 | Spider:1 | 26651 ||| ENCHANTING +6 war axe of electrocution.
 26658 | Spider:1 | 26658 ||| Stepping ~*~*~tactically~*~*~ (hiding).
 26700 | Spider:1 | 26700 ||| Stepping ~*~*~tactically~*~*~ (stealth).
 26702 | Spider:1 | 26702 ||| Stepping ~*~*~tactically~*~*~ (stealth).
 26706 | Spider:1 | 26706 ||| Stepping ~*~*~tactically~*~*~ (stealth).
 26739 | Spider:1 | 26739 ||| INVOKING Heroism.
 26744 | Spider:1 | 26744 ||| INVOKING Finesse.
 26774 | Spider:1 | 26774 ||| Stepping ~*~*~tactically~*~*~ (stealth).
 26775 | Spider:1 | 26775 ||| Stepping ~*~*~tactically~*~*~ (stealth).
 26881 | Spider:1 | 26881 ||| Stepping ~*~*~tactically~*~*~ (stealth).
 26937 | Spider:1 | 26937 ||| Stepping ~*~*~tactically~*~*~ (stealth).
 27156 | Spider:1 | 27156 ||| Stepping ~*~*~tactically~*~*~ (hiding).
 27159 | Spider:1 | 27159 ||| INVOKING Finesse.
 27260 | Spider:1 | 27260 ||| READING scroll labelled ORE JYET KOYFF.
 27361 | Spider:2 | 27361 ||| STAIRDANCE
 27370 | Spider:2 | 27370 ||| STAIRDANCE
 27443 | Spider:2 | 27443 ||| STAIRDANCE
 27445 | Spider:1 | 27445 ||| INVOKING Heroism.
 27569 | Spider:2 | 27569 ||| STAIRDANCE
 27571 | Spider:1 | 27571 ||| INVOKING Heroism.
 27604 | Spider:2 | 27604 ||| STAIRDANCE
 27609 | Spider:1 | 27609 ||| INVOKING Heroism.
 27705 | Spider:2 | 27705 ||| STAIRDANCE
 27707 | Spider:1 | 27707 ||| INVOKING Heroism.
 27737 | Spider:2 | 27737 ||| STAIRDANCE
 27746 | Spider:1 | Received a gift from Okawaru
 27785 | Spider:2 | 27785 ||| STAIRDANCE
 27811 | Spider:2 | 27811 ||| STAIRDANCE
 27813 | Spider:1 | 27813 ||| INVOKING Heroism.
 27827 | Spider:2 | 27827 ||| STAIRDANCE
 27838 | Spider:2 | 27838 ||| STAIRDANCE
 27840 | Spider:1 | 27840 ||| DRINKING 19 potions of curing.
 27840 | Spider:1 | 27840 ||| (to cure confusion)
 27855 | Spider:2 | 27855 ||| STAIRDANCE
 27860 | Spider:2 | 27860 ||| INVOKING Finesse.
 27873 | Spider:2 | 27873 ||| Stepping ~*~*~tactically~*~*~ (stealth).
 27875 | Spider:2 | 27875 ||| Stepping ~*~*~tactically~*~*~ (stealth).
 27902 | Spider:2 | 27902 ||| READING scroll of enchant weapon.
 27902 | Spider:2 | 27902 ||| ENCHANTING +7 war axe of electrocution.
 27967 | Spider:2 | 27967 ||| Stepping ~*~*~tactically~*~*~ (stealth).
 27985 | Spider:2 | 27985 ||| INVOKING Heroism.
 28123 | Spider:2 | 28123 ||| Stepping ~*~*~tactically~*~*~ (stealth).
 28125 | Spider:2 | 28125 ||| Stepping ~*~*~tactically~*~*~ (stealth).
 28126 | Spider:2 | 28126 ||| INVOKING Heroism.
 28130 | Spider:2 | Reached skill level 18 in Shields
 28212 | Spider:2 | 28212 ||| Stepping ~*~*~tactically~*~*~ (hiding).
 28213 | Spider:2 | 28213 ||| Stepping ~*~*~tactically~*~*~ (hiding).
 28218 | Spider:2 | 28218 ||| INVOKING Heroism.
 28589 | Spider:3 | 28589 ||| INVOKING Heroism.
 28717 | Spider:3 | Received a gift from Okawaru
 28754 | Spider:3 | 28754 ||| Stepping ~*~*~tactically~*~*~ (stealth).
 28755 | Spider:3 | 28755 ||| Stepping ~*~*~tactically~*~*~ (stealth).
 28793 | Spider:3 | 28793 ||| Stepping ~*~*~tactically~*~*~ (hiding).
 28803 | Spider:3 | 28803 ||| Stepping ~*~*~tactically~*~*~ (stealth).
 28805 | Spider:3 | 28805 ||| Stepping ~*~*~tactically~*~*~ (stealth).
 28810 | Spider:3 | 28810 ||| FLEEEEING.
 28812 | Spider:3 | 28812 ||| FLEEEEING.
 28814 | Spider:3 | 28814 ||| FLEEEEING.
 28875 | Spider:3 | Found a runed translucent door.
 28875 | Spider:3 | Noticed qw's ghost (adept GrFi)
 29012 | Spider:3 | 29012 ||| INVOKING Heroism.
 29097 | Spider:3 | 29097 ||| Stepping ~*~*~tactically~*~*~ (stealth).
 29102 | Spider:3 | 29102 ||| Stepping ~*~*~tactically~*~*~ (stealth).
 29104 | Spider:3 | 29104 ||| Stepping ~*~*~tactically~*~*~ (stealth).
 29107 | Spider:3 | 29107 ||| Stepping ~*~*~tactically~*~*~ (stealth).
 29208 | Spider:3 | 29208 ||| Stepping ~*~*~tactically~*~*~ (stealth).
 29210 | Spider:3 | 29210 ||| INVOKING Heroism.
 29214 | Spider:3 | 29214 ||| Stepping ~*~*~tactically~*~*~ (stealth).
 29389 | Spider:3 | 29389 ||| INVOKING Heroism.
 29412 | Spider:3 | 29412 ||| Stepping ~*~*~tactically~*~*~ (hiding).
 29414 | Spider:3 | 29414 ||| Stepping ~*~*~tactically~*~*~ (hiding).
 29416 | Spider:3 | 29416 ||| INVOKING Finesse.
 29971 | Spider:3 | 29971 ||| PLANNING SHOALS:1-3
 30104 | Shoals:1 | Entered Level 1 of the Shoals
 30105 | Shoals:1 | 30105 ||| INVOKING Heroism.
 30120 | Shoals:1 | Reached XP level 18. HP: 116/116 MP: 25/25
 30134 | Shoals:1 | 30134 ||| DROPPING +0 morningstar.
 30151 | Shoals:1 | 30151 ||| Stepping ~*~*~tactically~*~*~ (stealth).
 30159 | Shoals:1 | Identified the +2 robe of Cugusch Nibi {Contam rCorr Str+2}
                  | (Okawaru gifted it to you on level 1 of the Shoals)
 30159 | Shoals:1 | Received a gift from Okawaru
 30347 | Shoals:1 | 30347 ||| INVOKING Heroism.
 30348 | Shoals:1 | 30348 ||| INVOKING Finesse.
 30399 | Shoals:1 | Noticed Josephine
 30400 | Shoals:1 | 30400 ||| INVOKING Heroism.
 30409 | Shoals:1 | Killed Josephine
 30508 | Shoals:1 | 30508 ||| INVOKING Heroism.
 30512 | Shoals:1 | Reached skill level 15 in Fighting
 30761 | Shoals:1 | 30761 ||| INVOKING Heroism.
 30905 | Shoals:1 | 30905 ||| Stepping ~*~*~tactically~*~*~ (hiding).
 31026 | Shoals:1 | 31026 ||| INVOKING Heroism.
 31234 | Shoals:2 | 31234 ||| INVOKING Heroism.
 31249 | Shoals:2 | 31249 ||| STAIRDANCE
 31320 | Shoals:2 | 31320 ||| INVOKING Heroism.
 31359 | Shoals:2 | 31359 ||| STAIRDANCE
 31482 | Shoals:2 | Noticed Ilsuiw
 31483 | Shoals:2 | 31483 ||| INVOKING Heroism.
 31523 | Shoals:2 | 31523 ||| INVOKING Heroism.
 31544 | Shoals:2 | Killed Ilsuiw
 31690 | Shoals:2 | Reached skill level 15 in Armour
 31737 | Shoals:2 | 31737 ||| INVOKING Heroism.
 31768 | Shoals:2 | 31768 ||| INVOKING Heroism.
 32038 | Shoals:2 | 32038 ||| Stepping ~*~*~tactically~*~*~ (hiding).
 32161 | Shoals:2 | 32161 ||| INVOKING Heroism.
 32347 | Shoals:2 | 32347 ||| INVOKING Heroism.
 32540 | Shoals:2 | 32540 ||| DROPPING amulet of faith.
 32554 | Shoals:3 | 32554 ||| INVOKING Heroism.
 32631 | Shoals:3 | 32631 ||| FLEEEEING.
 32632 | Shoals:3 | 32632 ||| FLEEEEING.
 32633 | Shoals:3 | 32633 ||| FLEEEEING.
 32728 | Shoals:3 | 32728 ||| READING scroll of brand weapon.
 32728 | Shoals:3 | 32728 ||| BRANDING +8 war axe of electrocution.
 32738 | Shoals:3 | 32738 ||| INVOKING Heroism.
 32768 | Shoals:3 | 32768 ||| INVOKING Heroism.
 32821 | Shoals:3 | Identified a scroll of acquirement
 32830 | Shoals:3 | 32830 ||| READING scroll of acquirement.
 32830 | Shoals:3 | 32830 ||| ACQUIRING ring "Neoxkaig" {Will+ rCorr Dex-5
                  | Slay+3}
 32830 | Shoals:3 | Acquired the ring "Neoxkaig" {Will+ rCorr Dex-5 Slay+3}
 32951 | Shoals:3 | 32951 ||| INVOKING Heroism.
 33002 | Shoals:3 | 33002 ||| Stepping ~*~*~tactically~*~*~ (hiding).
 33006 | Shoals:3 | 33006 ||| Stepping ~*~*~tactically~*~*~ (hiding).
 33028 | Shoals:3 | Found a runed translucent door.
 33029 | Shoals:3 | Noticed Lianjan's ghost (adept MiGl)
 33185 | Shoals:3 | Noticed Mlioglotl
 33186 | Shoals:3 | 33186 ||| INVOKING Heroism.
 33187 | Shoals:3 | 33187 ||| INVOKING Finesse.
 33197 | Shoals:3 | Killed Mlioglotl
 33244 | Shoals:3 | 33244 ||| INVOKING Heroism.
 33655 | Shoals:3 | 33655 ||| PLANNING SPIDER:4
 33844 | Spider:4 | Entered Level 4 of the Spider Nest
 33845 | Spider:4 | 33845 ||| STAIRDANCE
 33906 | Spider:4 | 33906 ||| INVOKING Heroism.
 33915 | Spider:4 | Reached skill level 19 in Shields
 33920 | Spider:4 | 33920 ||| INVOKING Finesse.
 33961 | Spider:4 | HP: 24/120 [disintegration (21)]
 33966 | Spider:4 | HP: 11/120 [disintegration (15)]
 33986 | Spider:4 | Blown up by an orb spider

Levels and vault maps discovered:
D:1:      dpeg_arrival_water_temple_mockup, layout_basic,
          ebering_ecumenical_altar_ruins, hangedman_decor_peaks_small,
          minmay_misc_feat_four_crosses, minmay_misc_feat_roman
D:2:      layout_rooms, serial_corexii_hall, corexii_hall_statues_l,
          corexii_hall_statues_i, corexii_hall_statues_s,
          chequers_hall_statues_y
D:3:      layout_basic, amcnicky_altar_gilded,
          mainiacjoe_overflow_cross_hatched,
          hangedman_abyss_or_decor_lesser_grid
D:4:      layout_basic, mainiacjoe_overflow_alcove_2, grunt_gozag_breadcrumbs,
          nicolae_hepliaklqana_hazy_memory
D:5:      layout_gridville, mainiacjoe_overflow_divided_tiny,
          minmay_temple_entry_statues_pillars, minmay_door_square,
          nicolae_hexahallways, minmay_holes
D:6:      layout_loops_ring, nicolae_uskayaw_dance_studio,
          mainiacjoe_overflow_chevrons, grunt_decor_clamped,
          minmay_misc_feat_more_columns, uniq_menkaure
D:7:      minmay_bubble_buster, layout_basic, enter_bailey_5,
          chequers_mini_garden, solitary_fountain
D:8:      layout_loops_cross, mainiacjoe_overflow_24_doors,
          mainiacjoe_overflow_alcove_1, tso_oasis_becter, minivault_27,
          minmay_fractal_squares_5, uniq_grum
D:9:      statuecave_lemuel, layout_loops_ring, nicolae_shop_gadgets
D:10:     layout_rooms, tgw_kikubaaqudgha, nicolae_elyvilon_temple_path,
          due_lair_maze_entry_diamond, serial_shops,
          nicolae_shop_bloodbath_and_beyond, nicolae_diode_intersection
D:11:     cheibrodos_wizards_tower, layout_small_grid, orc_0_dummy,
          minmay_diced_spiral
D:12:     layout_roguey, serial_shops, shop, shop, shop, gammafunk_ghost_icy
D:13:     cheibrodos_hippocracy, layout_basic, serial_shops,
          nicolae_shop_waterfront, nicolae_shop_crystal, serial_glass,
          glass_columns_b, glass_columns_a, grunt_ministairs_8
D:14:     layout_basic, skrybe_vaults_entry_preservation,
          kiku_gazebo_pond_becter, drop_trap, uniq_jorgrun
D:15:     gammafunk_depths_entry_grave, layout_basic, drop_trap,
          nicolae_looking_at_the_future, uniq_louise
Temple:   nicolae_temple_godpark
Lair:1:   layout_concentric_octagons, nicolae_lair_lakeside_cave
Lair:2:   layout_hall_layers, grunt_megastairs_5, serial_bayou_shore_b
Lair:3:   layout_regular_city, shoals_dummy_entry, spider_nest_entry_rubble,
          gauntlet_entry_generic
Lair:4:   layout_loops_ring, minmay_slime_entry_oklob_open, portal_ice_cave_rime
Lair:5:   due_jungle_book, layout_misc_corridors, uniq_sonja
Shoals:1: layout_shoals, nicolae_shoals_sun_and_surf, uniq_josephine
Shoals:2: layout_shoals, nicolae_shoals_kraken_party, uniq_ilsuiw
Shoals:3: nicolae_shoals_island_circles, layout_shoals,
          ebering_ghost_inner_flame, nicolae_shoals_aquamancer_cove,
          uniq_mlioglotl
Spider:1: layout_spider_delve, uniq_donald
Spider:2: layout_spider_delve, nicolae_spider_shape
Spider:3: layout_chambers, hellmonk_ghost_happy_afterlife
Spider:4: spider_rune_water
Orc:1:    orc_temple, layout_diamond_mine, basic_altar, serial_shops,
          nicolae_shop_overgrown_old_shop, shop, nicolae_shop_behind_doors,
          shop, nicolae_shop_stone, abandoned_shop
Orc:2:    st_orc_pillars, layout_caves, serial_shops, shop, minmay_orc_barracks,
          uniq_saint_roka

Skill      XL: |  1  2  3  4  5  6  7  8  9 10 11 12 13 14 15 16 17 18 |
---------------+-------------------------------------------------------+-----
Axes           | 2 3 4 5 7 8 9 10 12 13 15 16 | 16.0
Dodging        | 2 3 4 |  4.0
Fighting       | 4 5 7 8 9 10 11 13 14 16 | 16.0
Invocations    | 4 8 10 | 10.0
Armour         | 4 5 6 8 9 10 11 12 14 15 | 15.4
Shields        | 4 5 9 10 11 12 13 17 18 19 | 19.0
Throwing       | 4 5 6 8 |  8.0

Action                   |  1- 3 |  4- 6 |  7- 9 | 10-12 | 13-15 | 16-18 || total
-------------------------+-------+-------+-------+-------+-------+-------++-------
Melee: War axe           |    96 |   115 |   218 |   640 |  1072 |  1535 ||  3676
       Flail             |       |       |       |       |    49 |       ||    49
Throw: Javelin           |       |       |       |       |   139 |    96 ||   235
       Boomerang         |       |       |       |       |    17 |    89 ||   106
Invok: Heroism           |       |       |     8 |    28 |    47 |    60 ||   143
       Finesse           |       |       |       |     3 |     9 |    11 ||    23
  Use: Scroll            |     4 |     8 |     7 |     6 |    11 |    11 ||    47
       Potion            |       |     3 |     3 |     2 |     2 |     7 ||    17
 Stab: Confused          |     1 |       |     1 |     3 |       |       ||     5
       Petrifying        |       |       |       |     2 |       |       ||     2
       Paralysed         |       |       |       |     1 |     1 |       ||     2
Armor: Scale mail        |    40 |    34 |       |       |       |       ||    74
       Leather armour    |       |    22 |    20 |       |       |       ||    42
       Chain mail        |       |       |   111 |    55 |       |       ||   166
       Plate armour      |       |       |       |   267 |   362 |   618 ||  1247
Dodge: Dodged            |    49 |    49 |    76 |   152 |   275 |   437 ||  1038
Block: Buckler           |    13 |    21 |    42 |    75 |       |       ||   151
       Kite shield       |       |       |       |   342 |   782 |    39 ||  1163
       Reflection        |       |       |       |     3 |    22 |    64 ||    89
       Tower shield      |       |       |       |       |       |  1779 ||  1779

Table legend:
 A = Non-vault XP
 B = Vault XP
 C = Vault XP percentage of total XP
 D = Non-vault monster count
 E = Vault monster count
 F = Vault count percentage of total count
                 A         B        C        D         E       F
            +---------+---------+-------+---------+---------+-------
      Total |  196760 |  111413 |  36.2 |     756 |     343 |  31.2
            +---------+---------+-------+---------+---------+-------
        D:1 |      28 |       0 |   0.0 |      19 |       0 |   0.0
        D:2 |      83 |       0 |   0.0 |      22 |       0 |   0.0
        D:3 |      99 |       0 |   0.0 |      16 |       0 |   0.0
        D:4 |     373 |       0 |   0.0 |      10 |       0 |   0.0
        D:5 |     786 |       0 |   0.0 |      15 |       0 |   0.0
        D:6 |     377 |     275 |  42.2 |       7 |       4 |  36.4
        D:7 |    1720 |    1671 |  49.3 |      22 |      24 |  52.2
        D:8 |    1504 |     621 |  29.2 |      40 |       7 |  14.9
        D:9 |    2127 |    1010 |  32.2 |      29 |       5 |  14.7
       D:10 |    3153 |    1052 |  25.0 |      15 |       7 |  31.8
       D:11 |    1115 |    2557 |  69.6 |       7 |       5 |  41.7
       D:12 |    5860 |       0 |   0.0 |      19 |       0 |   0.0
       D:13 |    4114 |    9502 |  69.8 |      15 |      20 |  57.1
       D:14 |    7231 |    6785 |  48.4 |      13 |      10 |  43.5
       D:15 |   10185 |    8259 |  44.8 |      17 |      24 |  58.5
     Lair:1 |    8408 |    7449 |  47.0 |      30 |      26 |  46.4
     Lair:2 |    6100 |       0 |   0.0 |      21 |       0 |   0.0
     Lair:3 |    8345 |     557 |   6.3 |      28 |       1 |   3.4
     Lair:4 |    2257 |     749 |  24.9 |       6 |       2 |  25.0
     Lair:5 |   10623 |   14718 |  58.1 |      42 |      37 |  46.8
   Shoals:1 |   11332 |    5154 |  31.3 |      22 |      11 |  33.3
   Shoals:2 |   12609 |   10097 |  44.5 |      26 |       9 |  25.7
   Shoals:3 |   11943 |    5781 |  32.6 |      27 |       6 |  18.2
   Spider:1 |   31653 |    5556 |  14.9 |      79 |       8 |   9.2
   Spider:2 |    9266 |     701 |   7.0 |      31 |       1 |   3.1
   Spider:3 |   20514 |       0 |   0.0 |      58 |       0 |   0.0
   Spider:4 |    6773 |    2068 |  23.4 |      16 |       3 |  15.8
      Orc:1 |    2553 |    5927 |  69.9 |      37 |      28 |  43.1
      Orc:2 |    3188 |   17038 |  84.2 |      35 |      91 |  72.2
    Abyss:2 |   12441 |       0 |   0.0 |      32 |       0 |   0.0
   Gauntlet |       0 |    3886 | 100.0 |       0 |      14 | 100.0
            +---------+---------+-------+---------+---------+-------
